Map: Odyssey LE

Players

HEMORRHOIDS - Winner!

  • Race: Protoss Protoss
  • League: Diamond
  • Spawn Location: 11:00

BeastModeOn

  • Race: Terran Terran
  • League: Diamond
  • Spawn Location: 5:00

VOD

Have the link to the VOD?

Description

Time

  • Played on: May 14, 2017, 4:15 p.m.
  • Length: 15:44
Show
View Real Time Build Order
Export as new Build Order

HEMORRHOIDS Protoss - Winner!

Build Orders: Cannon Rush 

Get SALT Encoding   

  12  0:01  Probe (Chrono Boost)  
  13  0:12  Probe (Chrono Boost)  
  14  0:22  Probe (Chrono Boost)  
  15  0:35  Pylon  
  15  0:53  Forge, Probe (Chrono Boost)  
  16  1:03  Probe (Chrono Boost)  
  17  1:14  Pylon  
  17  1:15  Pylon  
  17  1:16  Pylon  
  17  1:33  Photon Cannon  
  17  1:37  Pylon  
  17  1:38  Photon Cannon  
  17  1:40  Photon Cannon  
  17  1:49  Photon Cannon  
  17  1:58  Photon Cannon  
  17  2:01  Photon Cannon  
  17  2:12  Photon Cannon  
  17  2:18  Photon Cannon  
  17  2:35  Probe (Chrono Boost)  
  17  2:38  Assimilator  
  17  2:42  Assimilator  
  17  2:46  Probe (Chrono Boost)  
  18  2:52  Photon Cannon  
  18  2:53  Photon Cannon  
  18  2:56  Gateway  
  17  3:00  Pylon  
  17  3:14  Probe (Chrono Boost)  
  18  3:23  Photon Cannon  
  18  3:24  Probe (Chrono Boost)  
  19  3:35  Probe (Chrono Boost)  
  20  3:45  Probe (Chrono Boost)  
  20  3:47  Cybernetics Core  
  21  3:56  Probe (Chrono Boost)  
  22  4:20  Pylon  
  22  4:25  Warp Gate  
  22  4:31  Robotics Facility  
  22  4:33  Stalker  
  22  4:37  Probe (Chrono Boost)  
  25  4:51  Mothership Core (Chrono Boost)  
  27  5:02  Stalker  
  29  5:49  Robotics Bay, Stalker  
  31  5:51  Pylon  
  31  5:59  Probe (Chrono Boost), Gateway  
  31  6:01  Nexus, Observer, Gateway  
  33  6:14  Probe (Chrono Boost)  
  34  6:19  Stalker  
  34  6:22  Assimilator  
  34  6:24  Assimilator, Probe (Chrono Boost)  
  37  6:28  Pylon  
  36  6:37  Disruptor  
  37  7:14  Colossus  
  43  8:03  Probe (Chrono Boost)  
  43  8:05  Probe (Chrono Boost)  
  39  8:08  Colossus  
  39  8:11  Stalker x3  
  51  8:14  Probe (Chrono Boost)  
  51  8:15  Probe (Chrono Boost)  
  51  8:19  Pylon  
  53  8:21  Pylon  
  53  8:24  Probe (Chrono Boost)  
  53  8:26  Probe (Chrono Boost)  
  53  8:35  Probe (Chrono Boost)  
  53  8:36  Probe (Chrono Boost)  
  48  8:42  Stalker  
  48  8:43  Stalker x2  
  48  8:45  Probe (Chrono Boost)  
  55  8:53  Stargate  
  55  8:55  Stargate  
  55  8:56  Probe (Chrono Boost)  
  48  9:17  Adept x3  
  48  9:22  Disruptor  
  57  9:56  Adept x3  
  57  9:58  Void Ray x2  
  67  10:19  Adept x3  
  71  10:31  Disruptor  
  74  10:41  Void Ray  
  74  10:42  Stalker x2  
  79  10:57  Void Ray  
  73  11:20  Adept x3  
  77  11:34  Probe (Chrono Boost)  
  78  11:44  Probe (Chrono Boost)  
  73  12:11  Nexus  
  50  12:30  Void Ray x2  
  50  12:32  Adept x3  
  64  12:45  Colossus  
  70  13:00  Stalker x3  
  70  13:04  Pylon  
  78  13:06  Mothership Core (Chrono Boost)  
  78  13:33  Void Ray x2  
  86  13:36  Adept  
  88  13:47  Adept x2  
  92  13:53  Probe (Chrono Boost)  
  88  14:04  Probe (Chrono Boost)  
Show
View Real Time Build Order
Export as new Build Order

BeastModeOn Terran 

Build Orders: MMM Bio 

Get SALT Encoding   

  12  0:01  SCV  
  13  0:13  SCV  
  14  0:17  Supply Depot  
  14  0:25  SCV  
  15  0:39  SCV  
  15  0:41  Barracks  
  16  0:44  Refinery  
  16  0:51  SCV  
  17  1:03  SCV  
  18  1:11  Refinery  
  18  1:15  SCV  
  19  1:27  Barracks  
  19  1:29  Bunker  
  19  1:30  Marine  
  20  1:38  Bunker  
  20  1:48  Marine  
  21  2:06  Marine  
  20  2:18  Marine  
  19  2:24  Marine  
  18  2:36  Marine  
  19  2:41  Marine  
  20  2:47  Supply Depot  
  20  3:08  Marine  
  20  3:09  Orbital Command  
  21  3:17  Marine  
  22  3:28  Orbital Command  
  21  3:36  SCV  
  21  3:40  Factory  
  22  3:48  Refinery  
  22  3:53  SCV  
  23  4:08  Supply Depot  
  23  4:15  Supply Depot  
  23  4:21  Barracks Reactor  
  23  4:24  Supply Depot  
  23  4:30  SCV, Marine  
  25  4:34  Factory Tech Lab  
  25  4:42  SCV  
  25  4:54  SCV  
  25  4:58  Refinery  
  27  5:00  Supply Depot  
  27  5:04  Marine  
  27  5:06  SCV  
  29  5:08  Barracks Tech Lab  
  28  5:18  SCV  
  29  5:25  Marine x2  
  31  5:31  SCV  
  31  5:32  Marine  
  33  5:38  Siege Tank  
  35  5:43  SCV, Marine  
  37  5:52  Supply Depot  
  37  5:55  SCV  
  38  6:01  Stimpack  
  38  6:02  Marine x2  
  38  6:03  Marine  
  41  6:20  Marine x2  
  43  6:29  Siege Tank, Marauder  
  48  6:36  Supply Depot, Command Center  
  47  6:58  Marine x2  
  47  7:03  Siege Tank  
  47  7:04  Marine  
  51  7:08  SCV  
  52  7:21  SCV  
  49  7:37  Marine x2, Marauder  
  50  7:39  SCV  
  44  7:56  Marine x2  
  45  7:59  Barracks  
  45  8:01  Starport, Marauder  
  45  8:02  Siege Tank  
  50  8:07  SCV  
  50  8:11  Orbital Command  
  51  8:15  Marine  
  52  8:20  Combat Shields  
  48  8:37  Marine x2  
  42  8:44  Marauder  
  42  8:45  Siege Tank  
  42  8:46  Starport Reactor  
  42  8:48  Barracks Reactor  
  47  8:51  SCV x2  
  49  8:57  Marine x2  
  51  9:03  SCV x2  
  51  9:05  Marine  
  47  9:15  SCV  
  43  9:17  Marine x2, Siege Tank  
  43  9:22  SCV  
  43  9:23  Marauder  
  51  9:27  Marine x2, Supply Depot  
  51  9:28  SCV  
  53  9:35  SCV, Marine  
  54  9:40  SCV  
  54  9:45  Marauder  
  57  9:47  SCV  
  57  9:52  SCV, Marine x2  
  57  9:53  Marine  
  57  9:58  Refinery  
  57  9:59  SCV  
  59  10:04  SCV  
  59  10:06  Marauder  
  62  10:10  Marine x3  
  62  10:11  SCV, Marine  
  62  10:16  SCV  
  63  10:21  Medivac  
  63  10:22  Medivac  
  63  10:23  SCV  
  63  10:27  Marine, Refinery  
  63  10:28  SCV, Marine  
  71  10:35  SCV  
  72  10:40  SCV  
  69  10:44  Marine  
  69  10:45  Marauder  
  66  10:57  Siege Tank  
  66  11:00  SCV x2  
  70  11:05  Barracks  
  70  11:06  Engineering Bay  
  70  11:07  Supply Depot, Marauder  
  64  11:12  Marine  
  59  11:22  SCV x2  
  61  11:25  Marine x2  
  61  11:26  Marine  
  61  11:27  Medivac x2  
  61  11:28  Marauder  
  61  11:30  Marine  
  71  11:35  Terran Infantry Weapons Level 1  
  71  11:40  SCV  
  72  11:47  SCV  
  72  11:51  Marine  
  72  11:52  Marine x3  
  72  11:53  Concussive Shells, Marauder  
  79  11:54  Barracks Tech Lab  
  76  12:01  Barracks Reactor  
  60  12:17  Marine  
  60  12:20  Marine  
  51  12:26  Missile Turret  
  51  12:27  Missile Turret  
  51  12:29  Marine  
  49  12:34  Marine  
  47  12:43  Barracks  
  46  12:47  Marine x4  
  50  12:52  Marine  
  49  13:02  Barracks  
  49  13:03  Factory Reactor  
  49  13:04  Barracks  
  49  13:05  Marine  
  45  13:40  SCV, Barracks Reactor  
  46  13:44  Widow Mine x2  
  50  13:52  SCV  
  47  14:10  Missile Turret  
  47  14:12  Missile Turret  
Tags
 
Composition
MMM Bio
Matchup
PvT
Spawn Locations
Cross Positions
Add a new tag
Caveats
  • Supply blocks, unpowered buildings, or Contaminate may cause inaccurate times.
  • Supply counts are checked every 10 seconds.